← All builds
Tech / Armada / Economy first / OBSERVED BUILD

Standard tech

Armada Tech (Eco) build order · Supreme Isthmus

Rushes T2 by 4:15, gets Advanced Metal Extractor around 5:28, hands off T2 constructors to Geo and the team, then scales eco and supplies the team's T2 needs through the rest of the game.

Usually first T2 con to Geo (83%)

#eco #t2 #team support · 1579 distinct matches · 255 players · 58% of Armada Tech games · team won 53% of 1874 · Recently observed

HOW TO PLAY IT

Key timing: T2 factory by 4:15

  1. Open 3 mex and heavy wind to fund a fast T2 rush.
  2. Put down Bot Lab, planning to eat it for reclaim soon after.
  3. Get Advanced Bot Lab up, hitting the T2 factory rush timing.
  4. Upgrade mex to Advanced Metal Extractor to lock in team metal income.
  5. Eat Advanced Bot Lab and keep sending cons to Geo and Pond.

Phase by phase

TYPICAL OF ITS 1579 GAMES
  1. 1
  2. 2
  3. 3
  4. 4
PLAY THE OPENING

Follow the example game's first 6:00 step by step: what to build now, what comes next, and where it goes. At 1× it keeps pace with your own game.

  1. 1

    Up to the Bot Lab

    Economy
    • Metal Extractor3Mex
    • Wind Turbine4Wind
    Order
    1. Bot LabBot Lab after 3 mex, 4 winddone ~1:18, middle half 1:13–1:32

    Some games also: energy storage (31%)

    By 1:01 in all: 3 mex · 4 wind

    The example game in this phase · 4 steps
    1. Mex ×2
    2. Wind ×2
    3. Mex
    4. Bot LabBot Labdone 1:04 · typical 1:18
  2. 2

    Bot Lab to Advanced Bot Lab

    Economy
    • Metal Extractor1Mex
    • Wind Turbine8Wind
    • Energy Storage1Energy storage
    Order
    1. Advanced Bot LabAdvanced Bot Lab after 4 mex, 12 wind, 3 con turretdone ~4:16, middle half 4:04–4:30
    Builders
    • Construction Turret3 Con turret
    • Lazarus3 Lazarus
    • Construction Bot2 Con bot
    • Construction Bot1 Con bot for allies

    Some games also: converter (36%)

    By 3:18 in all: 4 mex · 12 wind · 1 energy storage · 3 con turret

    The example game in this phase · 14 steps
    1. Wind
    2. LazarusLazarus
    3. Wind ×3
    4. LazarusLazarus
    5. Construction BotCon botfor Air
    6. Wind ×2
    7. LazarusLazarus
    8. Construction BotCon bot
    9. Wind ×2
    10. LazarusLazarus
    11. Mex
    12. Con turret ×3
    13. Bot LabEat Bot Labreclaimed for its metal
    14. Advanced Bot LabAdvanced Bot Labdone 3:59 · typical 4:16
  3. 3

    Advanced Bot Lab to 5:00

    Economy
    • Wind Turbine3Wind
    Order
    1. Bot LabEat Bot Lab
    Builders
    • Advanced Construction Bot1 T2 con bot for allies

    Some games also: converter (35%)

    By 5:00 in all: 4 mex · 15 wind · 1 converter · 1 energy storage · 3 con turret

    The example game in this phase · 2 steps
    1. FatboyFatboyfor Ponddone 4:35
    2. Advanced Construction BotT2 con bot ×2for Geo
  4. 4

    5:00 to 10:00

    Economy
    • Wind Turbine43Wind
    • Energy Converter6Converter
    Builders
    • Butler9 Butler
    • Advanced Construction Bot4 T2 con bot for allies
    • Advanced Construction Bot1 T2 con bot

    Some games also: con turret (43%) · Butler for allies (36%)

    By 10:00 in all: 4 mex · 58 wind · 8 converter · 1 energy storage · 3 con turret

    The example game in this phase · 173 steps
    1. Energy storage
    2. Converter ×3
    3. Advanced Metal ExtractorT2 mexdone 6:12 · typical 5:29
    4. Converter
    5. Wind ×4
    6. Advanced Metal ExtractorT2 mex
    7. Wind
    8. Advanced Metal ExtractorT2 mex
    9. Wind
    10. ButlerButler
    11. Advanced Metal ExtractorT2 mex
    12. Wind ×3
    13. ButlerButler
    14. Wind ×2
    15. ButlerButler ×2
    16. Advanced Construction BotT2 con botfor Geo sea
    17. Wind ×5
    18. ButlerButler
    19. Wind ×4
    20. ButlerButlerfor Geo sea
    21. Wind ×5
    22. ButlerButlerfor Geo sea
    23. Wind ×6
    24. ButlerButler
    25. Wind
    26. ButlerButler
    27. Wind ×3
    28. ButlerButler
    29. Con turret
    30. Advanced Construction BotT2 con botfor Pond
    31. Wind ×3
    32. ButlerButler
    33. Wind ×3
    34. ButlerButler
    35. Con turret
    36. Wind ×2
    37. ButlerButler
    38. Con turret
    39. Wind ×4
    40. Con turret
    41. Wind
    42. ButlerButler
    43. Wind
    44. Con turret
    45. Wind ×8
    46. Converter
    47. Wind ×3
    48. Converter
    49. Wind
    50. Converter ×2
    51. Wind
    52. Converter
    53. Wind ×2
    54. Advanced Construction BotT2 con botfor Beach sea
    55. Converter ×2
    56. Wind ×9
    57. Converter
    58. Wind
    59. Converter
    60. Wind
    61. Converter
    62. UmbrellaAnti-nukedone 11:26
    63. Wind ×5
    64. Converter
    65. Wind ×12
    66. Converter ×2
    67. Wind
    68. Converter
    69. Wind
    70. Converter
    71. Wind
    72. Converter
    73. Wind ×5
    74. Converter
    75. Wind ×4
    76. Converter ×2
    77. Wind ×2
    78. Converter ×2
    79. Advanced Construction BotT2 con bot
    80. Wind ×5
    81. Converter
    82. Wind
    83. Converter
    84. Wind ×5
    85. Converter
    86. Wind
    87. PlatypusPlatypus
    88. Wind ×5
    89. PlatypusPlatypus
    90. Wind
    91. Converter
    92. Wind ×4
    93. PlatypusPlatypus
    94. Converter
    95. Wind ×5
    96. PlatypusPlatypus
    97. Wind
    98. Converter
    99. Wind ×2
    100. Converter
    101. Wind
    102. PlatypusPlatypus
    103. Wind ×5
    104. PlatypusPlatypus
    105. Converter
    106. Wind ×2
    107. Converter
    108. Wind ×2
    109. PlatypusPlatypus
    110. Wind
    111. Converter
    112. Wind ×2
    113. PlatypusPlatypus
    114. Wind
    115. Converter
    116. Wind ×4
    117. PlatypusPlatypus
    118. Converter
    119. Wind ×2
    120. Converter
    121. Wind ×3
    122. PlatypusPlatypus
    123. Wind ×4
    124. PlatypusPlatypus
    125. Wind
    126. Converter
    127. Wind ×2
    128. Converter
    129. PlatypusPlatypus
    130. Wind
    131. Hardened Energy Storage
    132. Wind ×4
    133. PlatypusPlatypus
    134. Wind ×4
    135. PlatypusPlatypus
    136. Converter
    137. Wind
    138. Converter
    139. Wind
    140. Converter
    141. Wind ×11
    142. Converter
    143. PlatypusPlatypus
    144. Hardened Metal Storage
    145. Wind
    146. Converter
    147. Wind ×5
    148. PlatypusPlatypus
    149. Wind ×2
    150. Converter
    151. Wind ×2
    152. Converter
    153. Wind ×4
    154. Converter
    155. Wind ×5
    156. PlatypusPlatypus
    157. Wind ×5
    158. Advanced Bot LabEat Advanced Bot Labreclaimed for its metal
    159. Converter
    160. Experimental GantryExperimental Gantrynot finished by 15:00
    161. Wind ×2
    162. Converter
    163. Wind ×4
    164. Converter
    165. Wind
    166. Converter
    167. Wind ×7
    168. Converter
    169. Wind ×5
    170. Converter
    171. Wind ×9
    172. Converter ×2
    173. Wind

Counts are medians over the build's games: half of them build more, half fewer. The example game is El_Turco's (37 OS, 14/10/2026); pick another.

Team trades

IN AT LEAST 30% OF ITS GAMES

You hand over

  • Construction Bot1 Con bot to Airfirst at 2:23 · in 84% of games
  • Advanced Construction Bot5 T2 con bot to Air or Geo sea or Pondfirst at 4:50 · in 99% of games
  • Butler2 Butler to Geo sea or Beach sea or Pondfirst at 9:07 · in 42% of games

You get

  • Hercules1 Light transport from Airfirst at 4:01 · in 86% of games

How it plays out

Typical game of this build, running totals by minute

Metal produced

020k40k
0:005:0010:0015:00

metal

Enemy metal destroyed

050100
0:005:0010:0015:00

metal

Own metal lost

050100150
0:005:0010:0015:00

metal

1874 games.

Show as table
ByMetal produced: This buildEnemy metal destroyed: This buildOwn metal lost: This build
1:0038300
2:0091500
3:00165100
4:00314400
5:00484700
6:00580000
7:00722700
8:00906100
9:001117300
10:001350300
11:001624200
12:001965600
13:002344500
14:0027362073
15:003154285130
WHAT THE NUMBERS SAY

Standard Tech play barely fights at all early, instead pouring metal into T2 infrastructure and constructors for the team.

  • + Metal produced hits 31679 by 15:00, by far the highest of any role here.
  • + T2 factory reached in 97% of games by 4:15, fastest and most reliable T2 timing.
  • − Enemy metal destroyed stays at 0 through 10:00, no early offense at all.
  • − Own metal lost also near 0, showing total avoidance of combat risk.
THE EXAMPLE YOU ARE READING

El_Turco

37.1 OS · 14/10/2026

Open source match ↗

2 received units
3877 metal received · 99150 energy received

Allied construction assistance is unknown. Timings are observations, not a promise of solo reproducibility.

Typical milestones

Bot Lab1:18Middle 50%: 1:13–1:32 · n=1874
Advanced Bot Lab4:16Middle 50%: 4:04–4:30 · n=1867
Advanced Metal Extractor5:29Middle 50%: 5:05–5:59 · n=1870

Played most by

Amrissa93games of this buildTheGeneraI66games of this buildAdeus57games of this buildEl_Turco56games of this buildKOT_43games of this build